| TOP OF THE 1ST |
|
Auburn Doubledays batting - Pitching for Hillsboro Hops : RHP Jake Priest
|
|
Pitching: RHP Jake Priest
|
|
|
Batting: LHB Yasuo Igarashi
|
0-0: Called Strike 0-1: Ball 1-1: Foul Ball, location: 2F 1-2: Foul Ball, location: 2F 1-2: Foul Ball, location: 2F 1-2: Fly out, F4 (Line Drive, 4, EV 66.2 MPH)
|
|
Batting: RHB Lamar Thornton
|
0-0: Ball 1-0: Ball 2-0: Ball 3-0: Called Strike 3-1: Foul Ball, location: 2F 3-2: SINGLE (Groundball, 6MD, EV 102.5 MPH)
|
|
Batting: LHB Vince McLane
|
0-0: Ball 1-0: Grounds into double play, 4-6-3 (Groundball, 4, EV 88.1 MPH)
|
| Top of the 1st over - 0 runs, 1 hit, 0 errors, 0 left on base; Auburn 0 - Hillsboro 0 |
| BOTTOM OF THE 1ST |
|
Hillsboro Hops batting - Pitching for Auburn Doubledays : LHP Leo Gutierrez
|
|
Pitching: LHP Leo Gutierrez
|
|
|
Batting: RHB Yutaka Oki
|
0-0: Fly out, F9 (Flyball, 9, EV 86.9 MPH)
|
|
Batting: RHB Daniel Rivera
|
0-0: Ball 1-0: Foul Ball, location: 2F 1-1: Ground out 5-3 (Groundball, 5S, EV 81.9 MPH)
|
|
Batting: RHB Danny Loyola
|
0-0: Ball 1-0: Ball 2-0: Ball 3-0: Called Strike 3-1: Foul Ball, location: 2F 3-2: Foul Ball, location: 2F 3-2: SINGLE (Line Drive, 4MD, EV 100.0 MPH)
|
|
Batting: RHB Tim Borden
|
0-0: Fly out, F9 (Flyball, 9, EV 85.6 MPH)
|
| Bottom of the 1st over - 0 runs, 1 hit, 0 errors, 1 left on base; Auburn 0 - Hillsboro 0 |
| TOP OF THE 2ND |
|
Auburn Doubledays batting - Pitching for Hillsboro Hops : RHP Jake Priest
|
|
Batting: RHB Leo Gutierrez
|
0-0: Swinging Strike 0-1: Foul Ball, location: 2F 0-2: Ball 1-2: Strikes out swinging
|
|
Batting: RHB Scott Skoglund
|
0-0: Ball 1-0: Ball 2-0: Ball 3-0: Called Strike 3-1: Hit by Pitch
|
|
Pinch Runner at 1st Travis Stanley:
|
|
|
Batting: SHB Alex Medina
|
0-0: Called Strike Travis Stanley steals 2nd base 0-1: Ball 1-1: Ball 2-1: Ball 3-1: SINGLE (Groundball, 6MD, EV 98.8 MPH) Travis Stanley to third Runner from 3rd tries for Home, SAFE, throw by CF to home Alex Medina to second
|
|
Batting: LHB Adam Jacobs
|
0-0: Called Strike 0-1: Ball 1-1: Ball 2-1: Foul Ball, location: 2F 2-2: Ball 3-2: Foul Ball, location: 2F 3-2: Base on Balls
|
|
Batting: LHB Adam Lancaster
|
0-0: Fielders Choice at 2nd, 5-4 (Groundball, 56, EV 83.1 MPH) Alex Medina to third
|
|
Batting: RHB Jessie Fisher
|
0-0: SINGLE (Groundball, 4D, EV 96.2 MPH) Alex Medina scores Adam Lancaster to second Runner from 2nd tries for 3rd, SAFE, no throw by RF
|
|
Batting: LHB Yasuo Igarashi
|
0-0: Ground out 4-3 (Groundball, 34, EV 87.5 MPH)
|
| Top of the 2nd over - 2 runs, 2 hits, 0 errors, 2 left on base; Auburn 2 - Hillsboro 0 |
| BOTTOM OF THE 2ND |
|
Hillsboro Hops batting - Pitching for Auburn Doubledays : LHP Leo Gutierrez
|
|
Now in CF: Travis Stanley
|
|
|
Batting: LHB Franklin Quezada
|
0-0: Called Strike 0-1: Hit by Pitch
|
|
Batting: RHB Cesar Rendon
|
Pickoff Play to 1st, Runner tries for 2nd, OUT after rundown. 0-0: Ball 1-0: Ball 2-0: Ground out 4-3 (Groundball, 34D, EV 104.4 MPH)
|
|
Batting: RHB Sean Tanner
|
0-0: Ball 1-0: Reached on error, E4 (Groundball, 4S, EV 80.6 MPH)
|
|
Batting: RHB Jonathan Underhill
|
0-0: Called Strike 0-1: Ball 1-1: DOUBLE (Flyball, 78XD, EV 109.4 MPH) Sean Tanner to third Runner from 3rd tries for Home, SAFE, no throw by CF
|
|
Batting: RHB Ryuki Ogasawara
|
0-0: Foul Ball, location: 2F 0-1: Ball 1-1: Ball 2-1: Ball 3-1: Called Strike 3-2: Foul Ball, location: 2F 3-2: Foul Ball, location: 2F 3-2: 2-RUN HOME RUN (Flyball, 7LD, EV 98.8 MPH), Distance : 373 ft
|
|
Batting: RHB Yutaka Oki
|
0-0: Ball 1-0: Ground out 4-3 (Groundball, 4S, EV 95.0 MPH)
|
| Bottom of the 2nd over - 3 runs, 2 hits, 1 error, 0 left on base; Auburn 2 - Hillsboro 3 |
| TOP OF THE 3RD |
|
Auburn Doubledays batting - Pitching for Hillsboro Hops : RHP Jake Priest
|
|
Batting: RHB Lamar Thornton
|
0-0: Called Strike 0-1: Ball 1-1: Ground out 4-3 (Groundball, 4, EV 108.1 MPH)
|
|
Batting: LHB Vince McLane
|
0-0: Ball 1-0: Foul Ball, location: 2F 1-1: DOUBLE (Line Drive, 78D, EV 113.8 MPH)
|
|
Batting: RHB Leo Gutierrez
|
0-0: Called Strike 0-1: Ground out U3 (Groundball, 3L, EV 84.4 MPH) Vince McLane to third
|
|
Batting: RHB Travis Stanley
|
0-0: Ball Passed Ball! Vince McLane scores 1-0: Called Strike 1-1: Called Strike 1-2: Strikes out swinging
|
| Top of the 3rd over - 1 run, 1 hit, 0 errors, 0 left on base; Auburn 3 - Hillsboro 3 |
| BOTTOM OF THE 3RD |
|
Hillsboro Hops batting - Pitching for Auburn Doubledays : LHP Leo Gutierrez
|
|
Batting: RHB Daniel Rivera
|
0-0: Called Strike 0-1: Swinging Strike 0-2: Foul Ball, location: 2F 0-2: Ground out 4-3 (Groundball, 4, EV 88.8 MPH)
|
|
Batting: RHB Danny Loyola
|
0-0: Ball 1-0: Called Strike 1-1: SINGLE (Groundball, 56, EV 93.8 MPH)
|
|
Batting: RHB Tim Borden
|
0-0: Ball Danny Loyola is caught stealing 2nd base 2-4 1-0: Foul Ball, location: 2F 1-1: SINGLE (Groundball, 56D, EV 98.8 MPH)
|
|
Batting: LHB Franklin Quezada
|
0-0: Ball 1-0: Called Strike 1-1: Called Strike 1-2: Strikes out swinging
|
| Bottom of the 3rd over - 0 runs, 2 hits, 0 errors, 1 left on base; Auburn 3 - Hillsboro 3 |
| TOP OF THE 4TH |
|
Auburn Doubledays batting - Pitching for Hillsboro Hops : RHP Jake Priest
|
|
Batting: SHB Alex Medina
|
0-0: Called Strike 0-1: Called Strike 0-2: Foul Ball, location: 2F 0-2: Foul Ball, location: 2F 0-2: Ball 1-2: Fly out, F9 (Flyball, 9S, EV 86.9 MPH)
|
|
Batting: LHB Adam Jacobs
|
0-0: Ball 1-0: Called Strike 1-1: Fly out, F7 (Flyball, 7, EV 90.6 MPH)
|
|
Batting: LHB Adam Lancaster
|
0-0: Ball 1-0: Ground out 4-3 (Groundball, 4, EV 88.1 MPH)
|
| Top of the 4th over - 0 runs, 0 hits, 0 errors, 0 left on base; Auburn 3 - Hillsboro 3 |
| BOTTOM OF THE 4TH |
|
Hillsboro Hops batting - Pitching for Auburn Doubledays : LHP Leo Gutierrez
|
|
Batting: RHB Cesar Rendon
|
0-0: Foul Ball, location: 2F 0-1: Swinging Strike 0-2: Foul Ball, location: 2F 0-2: Fly out, F8 (Flyball, 8LM, EV 78.1 MPH)
|
|
Batting: RHB Sean Tanner
|
0-0: Ball 1-0: Swinging Strike 1-1: Swinging Strike 1-2: Ball 2-2: Strikes out swinging
|
|
Batting: RHB Jonathan Underhill
|
0-0: Foul Ball, location: 2F 0-1: DOUBLE (Line Drive, 5D, EV 96.9 MPH)
|
|
Pinch Runner at 2nd Orlando Florez:
|
|
|
Batting: RHB Ryuki Ogasawara
|
0-0: Foul Ball, location: 2F 0-1: Fly out, F9 (Flyball, 89M, EV 95.0 MPH)
|
| Bottom of the 4th over - 0 runs, 1 hit, 0 errors, 1 left on base; Auburn 3 - Hillsboro 3 |
| TOP OF THE 5TH |
|
Auburn Doubledays batting - Pitching for Hillsboro Hops : RHP Jake Priest
|
|
Now at 2B: Terry Jarrells
|
|
|
Batting: RHB Jessie Fisher
|
0-0: Swinging Strike 0-1: DOUBLE (Flyball, 78D, EV 104.4 MPH)
|
|
Batting: LHB Yasuo Igarashi
|
0-0: Ball 1-0: Ball 2-0: Ball 3-0: Called Strike 3-1: Foul Ball, location: 2F 3-2: Fly out, F7 (Flyball, 78M, EV 98.1 MPH)
|
|
Batting: RHB Lamar Thornton
|
0-0: Called Strike 0-1: Ball 1-1: Ball 2-1: Foul Ball, location: 2F 2-2: Ball 3-2: Fly out, F8 (Flyball, 8RD, EV 88.8 MPH)
|
|
Batting: LHB Vince McLane
|
0-0: Foul Ball, location: 2F 0-1: Ball 1-1: Foul Ball, location: 2F 1-2: Foul Ball, location: 2F 1-2: SINGLE (Line Drive, 7S, EV 108.1 MPH) Jessie Fisher to third
|
|
Batting: RHB Leo Gutierrez
|
0-0: Ball Vince McLane steals 2nd base 1-0: Called Strike 1-1: Called Strike 1-2: Strikes out swinging
|
| Top of the 5th over - 0 runs, 2 hits, 0 errors, 2 left on base; Auburn 3 - Hillsboro 3 |
| BOTTOM OF THE 5TH |
|
Hillsboro Hops batting - Pitching for Auburn Doubledays : LHP Leo Gutierrez
|
|
Batting: RHB Yutaka Oki
|
0-0: Fly out, F8 (Line Drive, 8RM, EV 89.4 MPH)
|
|
Batting: RHB Daniel Rivera
|
0-0: Ball 1-0: SINGLE (Line Drive, 9S, EV 104.4 MPH)
|
|
Batting: RHB Danny Loyola
|
0-0: Swinging Strike 0-1: Ball 1-1: Ball 2-1: Fielders Choice at 2nd, 5-4 (Groundball, 56, EV 100.6 MPH)
|
|
Batting: RHB Tim Borden
|
0-0: Fielders Choice at 2nd, 6-4 (Groundball, 6, EV 93.8 MPH)
|
| Bottom of the 5th over - 0 runs, 1 hit, 0 errors, 1 left on base; Auburn 3 - Hillsboro 3 |
| TOP OF THE 6TH |
|
Auburn Doubledays batting - Pitching for Hillsboro Hops : RHP Jake Priest
|
|
Batting: RHB Travis Stanley
|
0-0: Called Strike 0-1: Ball 1-1: Called Strike 1-2: Ball 2-2: SINGLE (Line Drive, 5D, EV 99.4 MPH)
|
|
Batting: SHB Alex Medina
|
0-0: Ball 1-0: Ball Wild Pitch! Travis Stanley to second 2-0: Ball 3-0: Base on Balls
|
|
Batting: LHB Adam Jacobs
|
0-0: Foul Ball, location: 2F 0-1: Fielders Choice at 2nd, 5-4 (Groundball, 56, EV 77.5 MPH) Travis Stanley to third
|
|
Batting: LHB Adam Lancaster
|
0-0: Ball 1-0: Ball 2-0: Called Strike 2-1: SINGLE (Groundball, 34, EV 99.4 MPH) Travis Stanley scores Adam Jacobs to second Runner from 2nd tries for 3rd, SAFE, throw by RF made to third
|
|
Pitching: RHP Dan Thompson
|
|
|
Batting: RHB Jessie Fisher
|
0-0: Ball Wild Pitch! Adam Jacobs scores Adam Lancaster to second 1-0: Ball 2-0: Foul Ball, location: 2F 2-1: Ground out 4-3 (Groundball, 4, EV 101.2 MPH) Adam Lancaster to third
|
|
Batting: LHB Yasuo Igarashi
|
0-0: Called Strike 0-1: Called Strike 0-2: Strikes out looking
|
| Top of the 6th over - 2 runs, 2 hits, 0 errors, 1 left on base; Auburn 5 - Hillsboro 3 |
| BOTTOM OF THE 6TH |
|
Hillsboro Hops batting - Pitching for Auburn Doubledays : LHP Leo Gutierrez
|
|
Batting: LHB Franklin Quezada
|
0-0: Fly out, F8 (Flyball, 8LM, EV 76.2 MPH)
|
|
Batting: RHB Cesar Rendon
|
0-0: SINGLE (Groundball, 56, EV 93.8 MPH)
|
|
Batting: RHB Sean Tanner
|
0-0: Called Strike 0-1: Ball 1-1: Ball 2-1: Foul Ball, location: 2F 2-2: Foul Ball, location: 2F 2-2: Strikes out swinging
|
|
Batting: RHB Terry Jarrells
|
0-0: Foul Ball, location: 2F 0-1: Swinging Strike 0-2: Ball Wild Pitch! Cesar Rendon to second 1-2: Ball 2-2: Foul Ball, location: 2F 2-2: Foul Ball, location: 2F 2-2: Ground out 4-3 (Groundball, 4, EV 101.9 MPH)
|
| Bottom of the 6th over - 0 runs, 1 hit, 0 errors, 1 left on base; Auburn 5 - Hillsboro 3 |
| TOP OF THE 7TH |
|
Auburn Doubledays batting - Pitching for Hillsboro Hops : RHP Dan Thompson
|
|
Batting: RHB Lamar Thornton
|
0-0: Called Strike 0-1: Ball 1-1: Ball 2-1: Called Strike 2-2: Strikes out swinging
|
|
Batting: LHB Vince McLane
|
0-0: Ball 1-0: Ball 2-0: Fly out, F6 (Line Drive, 4M, EV 65.0 MPH)
|
|
Batting: RHB Leo Gutierrez
|
0-0: Ball 1-0: Fly out, F4 (Popup, 4M, EV 58.1 MPH)
|
| Top of the 7th over - 0 runs, 0 hits, 0 errors, 0 left on base; Auburn 5 - Hillsboro 3 |
| BOTTOM OF THE 7TH |
|
Hillsboro Hops batting - Pitching for Auburn Doubledays : LHP Leo Gutierrez
|
|
Batting: RHB Ryuki Ogasawara
|
0-0: Called Strike 0-1: Ball 1-1: Ground out U3 (Groundball, 34, EV 81.9 MPH)
|
|
Batting: RHB Yutaka Oki
|
0-0: Ball 1-0: Ground out 6-3 (Groundball, 4M, EV 86.9 MPH)
|
|
Batting: RHB Daniel Rivera
|
0-0: Foul Ball, location: 2F 0-1: Swinging Strike 0-2: Ball 1-2: Ball 2-2: Ball 3-2: Foul Ball, location: 2F 3-2: SINGLE (Groundball, 56D, EV 98.8 MPH)
|
|
Pitching: RHP Brent Wainwright
|
|
|
Batting: RHB Danny Loyola
|
0-0: Ball 1-0: Foul Ball, location: 2F 1-1: Called Strike 1-2: DOUBLE (Line Drive, 9LM, EV 109.4 MPH) Daniel Rivera to third Runner from 3rd tries for Home, SAFE, no throw by RF
|
|
Batting: RHB Tim Borden
|
0-0: Called Strike 0-1: Ball 1-1: Ball 2-1: Fly out, F8 (Flyball, 8RD, EV 96.2 MPH)
|
| Bottom of the 7th over - 1 run, 2 hits, 0 errors, 1 left on base; Auburn 5 - Hillsboro 4 |
| TOP OF THE 8TH |
|
Auburn Doubledays batting - Pitching for Hillsboro Hops : RHP Dan Thompson
|
|
Batting: RHB Travis Stanley
|
0-0: Ball 1-0: Ground out 4-3 (Groundball, 4, EV 105.0 MPH)
|
|
Batting: SHB Alex Medina
|
0-0: Called Strike 0-1: Ball 1-1: Swinging Strike 1-2: Ball 2-2: Ball 3-2: Strikes out swinging
|
|
Batting: LHB Adam Jacobs
|
0-0: Called Strike 0-1: Foul Ball, location: 2F 0-2: Foul Ball, location: 2F 0-2: Ball 1-2: SINGLE (Line Drive, 34D, EV 96.9 MPH)
|
|
Pitching: LHP Matt Bagnall
|
|
|
Batting: LHB Adam Lancaster
|
0-0: Ball 1-0: Ball 2-0: Called Strike 2-1: Swinging Strike 2-2: Strikes out swinging
|
| Top of the 8th over - 0 runs, 1 hit, 0 errors, 1 left on base; Auburn 5 - Hillsboro 4 |
| BOTTOM OF THE 8TH |
|
Hillsboro Hops batting - Pitching for Auburn Doubledays : RHP Brent Wainwright
|
|
Batting: LHB Franklin Quezada
|
0-0: SINGLE (Groundball, 4D, EV 106.2 MPH)
|
|
Pinch Hitting: LHB Josh Thomas
|
0-0: Called Strike 0-1: Swinging Strike 0-2: Ball Wild Pitch! Franklin Quezada to second 1-2: Ball 2-2: Strikes out looking
|
|
Pinch Hitting: SHB Morgan Batson
|
0-0: Called Strike 0-1: Ball 1-1: Ball 2-1: Swinging Strike 2-2: Ball 3-2: Base on Balls
|
|
Batting: RHB Terry Jarrells
|
0-0: Called Strike 0-1: Called Strike 0-2: Ball 1-2: Strikes out swinging
|
|
Pitching: RHP Oswaldo Vasquez
|
|
|
Pinch Hitting: LHB Dillon Rizzuto
|
0-0: Ball 1-0: Swinging Strike 1-1: Foul Ball, location: 2F 1-2: Strikes out swinging
|
| Bottom of the 8th over - 0 runs, 1 hit, 0 errors, 2 left on base; Auburn 5 - Hillsboro 4 |
| TOP OF THE 9TH |
|
Auburn Doubledays batting - Pitching for Hillsboro Hops : LHP Matt Bagnall
|
|
Now at C: Josh Thomas
|
|
|
Now at SS: Josh Kirk
|
|
|
Now in CF: Franklin Quezada
|
|
|
Now in RF: Dillon Rizzuto
|
|
|
Batting: RHB Jessie Fisher
|
0-0: Called Strike 0-1: Ball 1-1: Swinging Strike 1-2: Strikes out swinging
|
|
Batting: LHB Yasuo Igarashi
|
0-0: Called Strike 0-1: Called Strike 0-2: Foul Ball, location: 2F 0-2: Ball 1-2: Ball 2-2: Ground out U3 (Groundball, 34, EV 81.9 MPH)
|
|
Batting: RHB Lamar Thornton
|
0-0: Swinging Strike 0-1: Swinging Strike 0-2: Strikes out swinging
|
| Top of the 9th over - 0 runs, 0 hits, 0 errors, 0 left on base; Auburn 5 - Hillsboro 4 |
| BOTTOM OF THE 9TH |
|
Hillsboro Hops batting - Pitching for Auburn Doubledays : RHP Oswaldo Vasquez
|
|
Batting: RHB Yutaka Oki
|
0-0: Ball 1-0: SINGLE (Groundball, 4MD, EV 97.5 MPH)
|
|
Batting: RHB Daniel Rivera
|
0-0: Ball 1-0: Ball 2-0: Called Strike 2-1: 2-RUN HOME RUN (Flyball, 7D, EV 107.5 MPH), Distance : 398 ft
|
| Bottom of the 9th over - 2 runs, 2 hits, 0 errors, 0 left on base; Auburn 5 - Hillsboro 6 |
|